 Dungeon Crawl Stone Soup version 0.21.1-1-g345015f (webtiles) character file.

373 muddlingalong the Ruffian (level 6, -3/59 HPs)
             Began as a Troll Monk on May 1, 2018.
             Killed from afar by an electric eel (12 damage)
             ... with a bolt of electricity
             ... on level 3 of the Dungeon.
             The game lasted 00:11:59 (2073 turns).

muddlingalong the Ruffian (Troll Monk)              Turns: 2073, Time: 00:11:59

Health: -3/59      AC:  6    Str: 20    XL:     6   Next: 43%
Magic:  14/14      EV: 11    Int:  7    God:
Gold:   155        SH:  0    Dex: 13    Spells: 5/5 levels left

rFire    . . .     SeeInvis .     - Unarmed
rCold    . . .     Gourm    +   (no shield)
rNeg     . . .     Faith    .   a - +0 robe
rPois    .         Spirit   .   (helmet restricted)
rElec    .         Reflect  .   v - +0 cloak
rCorr    .         Harm     .   (gloves unavailable)
MR       .....                  (boots unavailable)
Stlth    ++........             (no amulet)
HPRegen  0.59/turn              j - ring of magical power
MPRegen  0.14/turn              (no ring)

@: no status effects
A: large, unfitting armour, claws 3, fast metabolism 3, gourmand, regeneration
1, shaggy fur 1, tough skin 2
a: no special abilities


You were on level 3 of the Dungeon.
You were completely stuffed.

You visited 1 branch of the dungeon, and saw 3 of its levels.

You collected 155 gold pieces.

Inventory:

Missiles
 g - 87 stones
 k - 5 needles of confusion
 w - 31 poisoned needles
 x - 4 javelins (quivered)
Armour
 a - a +0 robe (worn)
 v - a +0 cloak (worn)
Jewellery
 j - a ring of magical power (left claw)
Wands
 y - a wand of flame (35)
Scrolls
 c - 4 scrolls of blinking
 m - 2 scrolls of enchant weapon
 o - 2 scrolls of random uselessness
 q - a scroll of immolation
 s - a scroll of remove curse {unknown}
 t - a scroll of teleportation {unknown}
 u - a scroll of enchant armour {unknown}
Potions
 d - a potion of curing {unknown}
 e - a potion of agility {unknown}
 h - a potion of flight {unknown}
 i - 2 potions of cancellation {unknown}
 n - a potion of heal wounds {unknown}
 p - a potion of brilliance {unknown}
 r - a potion of mutation {unknown}
Comestibles
 b - 3 rations
 f - 4 chunks of flesh


   Skills:
 + Level 2.8 Fighting
 + Level 0.5 Throwing
 + Level 3.4 Dodging
 - Level 1.4 Stealth
 * Level 6.1 Unarmed Combat


You had 5 spell levels left.
You didn't know any spells.

Dungeon Overview and Level Annotations

Branches:
Dungeon (3/15)

Altars:
The Shining One

Annotations:
D:3 1 transporter


Innate Abilities, Weirdness & Mutations

You are too large for most types of armour.
You have claws for hands.
Your metabolism is lightning-fast.
You like to eat raw meat.
Your natural rate of healing is unusually fast.
You are covered in fur. (AC +1)
You have very tough skin. (AC +2)


Message History

Press: ? - help, Shift-Dir - straight line, f/p - electric eel
Aim: an electric eel You throw a javelin.
The javelin closely misses the electric eel.
You hear a splash.
The electric eel shoots out a bolt of lightning at you!
The bolt of electricity hits you! x2
Throwing (i - inventory. (,) - cycle):
x - 5 javelins (quivered)
Press: ? - help, Shift-Dir - straight line, f/p - electric eel
Aim: an electric eel You throw a javelin.
The javelin hits the electric eel!
The electric eel is severely wounded.
You hear a splash.
The electric eel shoots out a bolt of lightning at you!
The bolt of electricity misses you. The bolt of electricity hits you!
The electric eel shoots out a bolt of lightning at you!
The bolt of electricity hits you!
* * * LOW HITPOINT WARNING * * *
The bolt of electricity hits you!
You die...

.........# .........#
### ....##### ...
#..##################.#
#..#.........)........#
...#.###############..##
...#.#8P#≈≈≈≈≈≈≈#P8#...#
.....#..#≈≈≈≈≈..#..#...#
...)©#©(+≈≈P⌠;..@.©#©..#
.....#..#≈≈≈P≈..#..#).##
.....#8P#≈≈≈≈≈;;#P8#)##
..#..###############)#
..#.................(#
..#.##################
..#.# ....## .....#


You could see 3 electric eels.

Vanquished Creatures
  The ghost of infcreate the Shield-Bearer, an amateur MiFi (D:3)
  An orc priest (D:3)
  6 adders
  3 gnolls (D:3)
  An ooze (D:1)
  2 worms
  2 dart slugs
  3 leopard geckos
  10 orcs (D:3)
  9 bats
  6 giant cockroaches
  9 goblins
  5 hobgoblins
  14 jackals
  7 kobolds
  5 frilled lizards
  10 rats
94 creatures vanquished.

Notes
Turn   | Place    | Note
-------+----------+-------------------------------------------
     0 | D:1      | muddlingalong the Troll Monk began the quest for the Orb.
     0 | D:1      | Reached XP level 1. HP: 22/22 MP: 0/0
   107 | D:1      | Reached XP level 2. HP: 29/29 MP: 1/1
   449 | D:1      | Reached XP level 3. HP: 36/36 MP: 2/2
   836 | D:2      | Reached skill level 4 in Unarmed Combat
   864 | D:2      | Reached XP level 4. HP: 44/44 MP: 3/3
  1466 | D:3      | Noticed infcreate's ghost (amateur MiFi)
  1484 | D:3      | Killed infcreate's ghost
  1484 | D:3      | Reached skill level 5 in Unarmed Combat
  1484 | D:3      | Reached XP level 5. HP: 38/52 MP: 4/4
  1484 | D:3      | Reached XP level 6. HP: 43/59 MP: 5/5
  1901 | D:3      | Found a glowing golden altar of the Shining One.
  1946 | D:3      | Found a transporter.
  1973 | D:3      | Found a transporter.
  1985 | D:3      | Reached skill level 6 in Unarmed Combat
  2073 | D:3      | Killed from afar by an electric eel

Skill      XL: |  1  2  3  4  5  6 |
---------------+-------------------+-----
Unarmed Combat | 4 5 6 |  6.1
Dodging        | 3 |  3.4
Fighting       | |  2.8
Throwing       | |  0.5
Stealth        | |  1.4

Action                   |  1- 3 |  4- 6 || total
-------------------------+-------+-------++-------
Melee: Unarmed           |   113 |   136 ||   249
       Punch             |     3 |     3 ||     6
Throw: Stone             |     8 |    16 ||    24
       Javelin           |       |     3 ||     3
  Use: Scroll            |       |     4 ||     4
 Stab: Sleeping          |     2 |     1 ||     3
  Eat: Chunk             |    14 |    11 ||    25
Armor: Robe              |    50 |    46 ||    96
Dodge: Dodged            |    57 |    68 ||   125
